 Dungeon Crawl Stone Soup version 0.24.0-13-gcf9b319 (webtiles) character file.

Game seed: 13760941123594198377, levelgen mode: deterministic

2643 Fang the Skirmisher (level 9, 0/58 HPs)
             Began as a Gargoyle Berserker on Nov 22, 2019.
             Was an Elder of Trog.
             Slain by a water moccasin (6 damage)
             ... on level 6 of the Dungeon on Nov 24, 2019.
             The game lasted 00:07:57 (5455 turns).

Fang the Skirmisher (Gargoyle Berserker)            Turns: 5455, Time: 00:07:57

Health: 0/58       AC: 20    Str: 25    XL:     9   Next: 62%
Magic:  9/9        EV: 10    Int:  7    God:    Trog [****..]
Gold:   276        SH:  5    Dex:  9    Spells: 8/8 levels left

rFire    . . .     SeeInvis .   a - +0 war axe
rCold    . . .     Gourm    .   (no shield)
rNeg     + . .     Faith    .   b - +0 chain mail
rPois    ∞         Spirit   .   (no helmet)
rElec    +         Reflect  +   i - +2 cloak
rCorr    .         Harm     .   (no gloves)
MR       .....                  (no boots)
Stlth    ..........             h - +5 amulet of reflection
HPRegen  0.19/turn              p - ring of stealth
MPRegen  0.11/turn              (no ring)

@: berserk cooldown, slowed, very slow
A: negative energy resistance 1, electricity resistance, unbreathing,
petrification resistance, rot immunity, AC +6
a: Berserk, Trog's Hand, Brothers in Arms, Renounce Religion


You were on level 6 of the Dungeon.
You worshipped Trog.
Trog was greatly pleased with you.
You were very hungry.

You visited 1 branch of the dungeon, and saw 6 of its levels.

You collected 276 gold pieces.

Inventory:

Hand Weapons
 a - a +0 war axe (weapon)
Armour
 b - a +0 chain mail (worn)
 i - a +2 cloak (worn)
Jewellery
 h - a +5 amulet of reflection (around neck)
 p - a ring of stealth (left hand)
 x - an uncursed ring of magical power {unknown}
Scrolls
 d - 2 scrolls of amnesia {unknown}
 e - 2 scrolls of enchant weapon {unknown}
 f - 2 scrolls of immolation {unknown}
 j - 8 scrolls of remove curse
 k - 6 scrolls of identify {unknown}
 n - a scroll of random uselessness {unknown}
 r - 4 scrolls of teleportation {unknown}
 s - a scroll of blinking {unknown}
 u - a scroll of fear {unknown}
Potions
 g - 3 potions of degeneration {unknown}
 l - 4 potions of flight {unknown}
 o - a potion of might {unknown}
 q - a potion of cancellation {unknown}
 t - a potion of curing {unknown}
 v - a potion of haste
 w - a potion of mutation {unknown}
Comestibles
 c - 9 rations
 m - 7 chunks of flesh


   Skills:
 + Level 7.7 Fighting
 + Level 6.4 Axes
 + Level 7.3 Armour
 + Level 5.5 Dodging


You had 8 spell levels left.
You didn't know any spells.
Your spell library was empty.

Dungeon Overview and Level Annotations

Branches:
Dungeon (6/15)
 Temple: D:4-7

Altars:
Cheibriados
Ru
Uskayaw
Vehumet
Wu Jian
Xom
Yredelemnul
Zin
The Shining One

Shops:
D:5 }


Innate Abilities, Weirdness & Mutations

You are resistant to torment.
Your stone body is resilient. (AC +6)
You are immune to poison.
You resist negative energy. (rN+)
You are resistant to electric shocks. (rElec)
You can survive without breathing.
You are immune to petrification.
You are immune to rotting.


Message History

The orc hits you but does no damage. The water moccasin bites you.
Something hits you.
* * * LOW HITPOINT WARNING * * *
The water moccasin bites you but does no damage.
The orc barely misses you.
You hit something but do no damage. You miss the water moccasin.
You barely miss the orc. The water moccasin bites you.
* * * LOW HITPOINT WARNING * * *
Something hits you but does no damage. The water moccasin closely misses you.
Something hits you.
* * * LOW HITPOINT WARNING * * *
You block the orc's attack.
You closely miss something. You completely miss the water moccasin.
You hit the orc but do no damage. You hit the orc.
The water moccasin bites you but does no damage.
The water moccasin bites you.
* * * LOW HITPOINT WARNING * * *
Something hits you but does no damage. The orc hits you but does no damage. x2
The water moccasin bites you.
You die...

# .. ####..
#.#######....#
#..#........##
....#.......##
#####.##[..........# .
......# ##.........##...
.########.......oo......
.).......)))(.(.@{.#
..########.).....S.#
#......((..).(....##
##########.........#
#.......>.# #....%....#
#...........
#.........## ##.......


You could see a water moccasin and 2 orcs.

Vanquished Creatures
  A two-headed ogre (D:5)
  Sigmund (D:2)
  Menkaure (D:6)
  2 orc warriors (D:6)
  An ice beast (D:5)
  2 centaurs
  2 phantoms (D:5)
  3 ogres
  2 scorpions
  2 howler monkeys (D:5)
  2 crimson imps
  A bullfrog skeleton (D:4)
  An orc priest (D:4)
  2 hounds (D:5)
  3 iguanas
  2 orc wizards
  4 worker ants
  A hound skeleton (D:5)
  8 gnolls
  5 adders
  A howler monkey skeleton (D:5)
  A shadow imp (D:5)
  An ooze (D:3)
  A worm (D:4)
  5 dart slugs
  3 leopard geckos
  20 orcs
  2 giant cockroaches
  4 goblins
  10 hobgoblins
  12 jackals
  9 kobolds
  A quokka (D:2)
  2 ball pythons
  5 bats
  5 frilled lizards
  A jackal zombie (D:5)
  A quokka skeleton (D:4)
  13 rats
143 creatures vanquished.

Notes
Turn   | Place    | Note
-------+----------+-------------------------------------------
     0 | D:1      | Fang the Gargoyle Berserker began the quest for the Orb.
     0 | D:1      | Reached XP level 1. HP: 14/14 MP: 1/1
   417 | D:1      | Reached XP level 2. HP: 15/19 MP: 2/2
   514 | D:1      | Reached XP level 3. HP: 13/23 MP: 3/3
  1378 | D:2      | Reached ** piety under Trog
  1383 | D:2      | Reached XP level 4. HP: 20/29 MP: 4/4
  1562 | D:2      | Found a shimmering altar of Xom.
  1566 | D:2      | Found a sacrificial altar of Ru.
  1567 | D:2      | Found a hide-covered altar of Uskayaw.
  1568 | D:2      | Found a radiant altar of Vehumet.
  1568 | D:2      | Found an ornate altar of the Wu Jian Council.
  1568 | D:2      | Found a glowing silver altar of Zin.
  1571 | D:2      | Found a snail-covered altar of Cheibriados.
  1572 | D:2      | Found a glowing golden altar of the Shining One.
  1881 | D:2      | Noticed Sigmund
  1896 | D:2      | Killed Sigmund
  1896 | D:2      | Reached XP level 5. HP: 25/34 MP: 5/5
  1896 | D:2      | Reached XP level 6. HP: 29/39 MP: 6/6
  2628 | D:3      | Reached *** piety under Trog
  3008 | D:4      | Reached skill level 5 in Fighting
  3028 | D:4      | Found a basalt altar of Yredelemnul.
  3061 | D:4      | Reached XP level 7. HP: 44/44 MP: 7/7
  4317 | D:5      | Entered Level 5 of the Dungeon
  4339 | D:5      | Reached skill level 5 in Armour
  4347 | D:5      | Found Ceokhiv's Gadget Shop.
  4399 | D:5      | Reached XP level 8. HP: 26/51 MP: 8/8
  4615 | D:5      | Reached skill level 5 in Axes
  4775 | D:5      | Reached **** piety under Trog
  4979 | D:5      | Noticed a two-headed ogre
  4988 | D:5      | Killed a two-headed ogre
  4988 | D:5      | Reached skill level 5 in Dodging
  4988 | D:5      | Reached XP level 9. HP: 30/57 MP: 9/9
  5309 | D:6      | Noticed Menkaure
  5317 | D:6      | Killed Menkaure
  5455 | D:6      | Slain by a water moccasin

Levels and vault maps discovered:
D:1:      noname_arrival_rooms_in_the_neighbourhood, layout_basic
D:2:      layout_rooms, minitemple, hex_medium, hangedman_abyss_or_decor_stabs,
          uniq_sigmund
D:3:      layout_loops_cross
D:4:      layout_loops_corners, kennysheep_mini, first_ration,
          mrwooster_statue_mirror
D:5:      layout_basic, serial_shops, shop, kennysheep_potato
D:6:      layout_rooms, uniq_menkaure

Skill      XL: |  1  2  3  4  5  6  7  8  9 |
---------------+----------------------------+-----
Axes           | 3 4 6 |  6.4
Dodging        | 2 3 5 |  5.5
Armour         | 3 4 5 6 7 |  7.3
Fighting       | 4 5 7 |  7.7

Action                   |  1- 3 |  4- 6 |  7- 9 || total
-------------------------+-------+-------+-------++-------
Melee: Hand axe          |   158 |   217 |    72 ||   447
       War axe           |       |       |   213 ||   213
Invok: Berserk           |       |     3 |     4 ||     7
       Trog's Hand       |       |       |     1 ||     1
  Use: Scroll            |     1 |       |       ||     1
 Stab: Sleeping          |     1 |     2 |       ||     3
  Eat: Chunk             |     2 |     8 |    11 ||    21
Armor: Animal skin       |   110 |    65 |    26 ||   201
       Chain mail        |       |       |   117 ||   117
Dodge: Dodged            |   194 |   135 |   148 ||   477
Block: Other             |       |    45 |    72 ||   117
       Reflection        |       |     4 |     2 ||     6
